 Dungeon Crawl Stone Soup version 0.28-a0-622-gbaef9634d7 (webtiles) character file.

Game seed: 17508459877970233091

3394 Rennog the Nimble (level 10, -10/74 HPs)
             Began as an Octopode Fighter on Oct 7, 2021.
             Was an Initiate of Makhleb.
             Mangled by a wyvern (18 damage)
             ... on level 8 of the Dungeon.
             The game lasted 00:18:17 (10278 turns).

Rennog the Nimble (Octopode Fighter)               Turns: 10278, Time: 00:18:18

Health: -10/74     AC:  1    Str: 17    XL:     10   Next: 4%
Magic:  14/14      EV: 19    Int: 10    God:    Makhleb [......]
Gold:   256        SH:  5    Dex: 17    Spells: 9/14 levels left

rFire   . . .      SeeInvis .   w - +1 flail (holy)
rCold   + . .      Faith    .   b - +0 buckler
rNeg    + . .      Spirit   .   (helmet restricted)
rPois   +          Reflect  .   (no amulet)
rElec   .          Harm     .   f - ring of poison resistance
rCorr   .          Rampage  .   p - ring "Nufrafypsa" {Wiz rC+ Dex+3}
Will    .....                   y - ring of positive energy
Stlth   +++.......              (no ring)
HPRegen 0.22/turn               (no ring)
MPRegen 0.14/turn               (no ring)
                                (no ring)
                                (no ring)

@: no status effects
A: almost no armour, amphibious, 8 rings, camouflage 1, gelatinous body 1,
(nimble swimmer 1), tentacles
a: Renounce Religion


You were on level 8 of the Dungeon.
You worshipped Makhleb.
Makhleb was noncommittal.
You visited 2 branches of the dungeon, and saw 10 of its levels.
You also visited: Ossuary.

You collected 403 gold pieces.
You spent 147 gold pieces at shops.

Inventory:

Hand Weapons
 a - a +0 rapier
 w - a +1 flail of holy wrath (weapon)
Missiles
 q - a throwing net (quivered)
Armour
 b - a +0 buckler (worn)
Jewellery
 f - a ring of poison resistance (left tentacle)
 h - a ring of ice
 p - the ring "Nufrafypsa" (right tentacle) {Wiz rC+ Dex+3}
   (You acquired it on level 6 of the Dungeon)

   [ring of wizardry]

   It improves your spell success rate.
   Dex:       It affects your dexterity (+3).
   rC:        It protects you from cold.
 y - a ring of positive energy (on tentacle)
Wands
 s - a wand of polymorph (12)
 B - a wand of charming (19)
Scrolls
 e - a scroll of noise {unknown}
 g - a scroll of magic mapping
 i - 4 scrolls of identify
 j - 2 scrolls of blinking
 k - 3 scrolls of torment
 m - 4 scrolls of enchant weapon
 n - 3 scrolls of enchant armour
 x - a scroll of immolation
 C - a scroll of silence {unknown}
Potions
 c - a potion of might
 d - 2 potions of lignification {unknown}
 l - a potion of berserk rage {unknown}
 o - 2 potions of degeneration {unknown}
 r - a potion of invisibility {unknown}
 t - 4 potions of flight {unknown}
 u - 3 potions of mutation {unknown}
 v - 5 potions of curing
 z - 3 potions of resistance
 A - a potion of cancellation {unknown}


   Skills:
 * Level 9.0 Fighting
 - Level 2.0 Short Blades
 + Level 10.1 Dodging
 - Level 3.0 Shields
 * Level 2.8 Spellcasting
 - Level 4.1 Hexes


You had 9 spell levels left.
You knew the following spells:

 Your Spells              Type           Power      Damage    Failure   Level
a - Ensorcelled Hibernat  Hex/Ice        10%        N/A       9%          2
b - Tukima's Dance        Hex            9%         N/A       7%          3

Your spell library contained the following spells:

 Spells                   Type           Power      Damage    Failure   Level


Dungeon Overview and Level Annotations

Branches:
Dungeon (9/15)             Temple (1/1) D:7         Ossuary (visited)
   Lair: D:8-11         Orc: D:9-12

Altars:
Ashenzari
Cheibriados
Dithmenos
Elyvilon
Gozag
Hepliaklqana
Kikubaaqudgha
Makhleb
Nemelex Xobeh
Okawaru
Qazlal
Ru
Trog
Uskayaw
Vehumet
Xom
Yredelemnul
The Shining One

Shops:
D:1 (   D:4 ?   D:6 !*?([   D:7 *   D:9 =

Annotations:
D:4 2 transporters
D:7 Harold
D:8 Pikel


Innate Abilities, Weirdness & Mutations

You cannot wear most types of armour.
You are amphibious.
You can wear up to eight rings at the same time.
Your skin changes colour to match your surroundings (Stealth+).
Your rubbery body absorbs attacks. (AC +1, EV +1)
((You are camouflaged near water. (Stealth+)))
You have tentacles for arms and can constrict up to eight enemies at once.


Message History

The stone arrow misses you.
You hit the deep elf pyromancer.
The deep elf pyromancer is heavily wounded.
You constrict the deep elf pyromancer.
The deep elf pyromancer hits you with a +0 rapier!
The deep elf pyromancer hits you with a +0 rapier.
You hit the deep elf pyromancer.
The deep elf pyromancer is heavily wounded.
You constrict the deep elf pyromancer.
The wyvern hisses angrily.
The deep elf pyromancer misses you.
You hit the deep elf pyromancer.
The deep elf pyromancer is severely wounded.
You constrict the deep elf pyromancer. The wyvern bites you!
The deep elf pyromancer mumbles some strange words.
The gargoyle hits you with a +0 mace of venom!
You are poisoned.
The wyvern barely misses you.
The deep elf pyromancer closely misses you.
The gargoyle hurls a stone arrow at you.
The stone arrow misses you.
Blink to where?
Press: ? - help, Dir - move target You lose your grip on the deep elf pyromancer.
As you read the scroll of blinking, it crumbles to dust.
You feel very sick.
The deep elf pyromancer mumbles some strange words.
The deep elf pyromancer blinks!
You feel better. The wyvern misses you. The wyvern closely misses you.
The wyvern closely misses you. The wyvern completely misses you.
The gargoyle hurls a stone arrow at you.
The stone arrow hits you!!
* * * LOW HITPOINT WARNING * * *
The wyvern misses you. You block the wyvern's attack. The wyvern bites you!!
You die...

..#
#....<.##.###)#######....#
..# #......##.#
###.....'....# ..#
#......#######..#####....#
..####......##⌠_.)..## ######
###........###⌠_.)).#
###........+ ########
#..........###.##############
#.#........9##.#...##........
#..............l@.....#
#.........9########...#
#..########.......#...#
#..#.......######.#...# #.
#.######..e..#.#...#
#.....####9#.#...#
#.####...#.#.#...#
##.#e#.#...# #.#.#.#...#


You could see a wyvern and 2 gargoyles.

Vanquished Creatures
  A two-headed ogre (D:6)
  Prince Ribbit (D:7)
  Eustachio (D:6)
  2 yaks
  Menkaure (D:7)
  Duvessa (D:5)
  An ice beast (D:6)
  A sky beast (D:5)
  3 necrophages
  An orc warrior (D:9)
  An ogre (D:6)
  A centaur (D:9)
  2 kobold brigands
  An elf zombie (Ossuary)
  A bullfrog (D:7)
  Dowan (D:5)
  A scorpion (D:5)
  3 howler monkeys
  7 hounds
  A bullfrog zombie (D:6)
  2 centaur zombies
  A centaur skeleton (D:7)
  A jelly (D:6)
  A human zombie (Ossuary)
  An orc priest (D:6)
  5 iguanas
  An orc wizard (D:6)
  2 mummies (Ossuary)
  7 adders
  3 worms
  2 dart slugs
  6 orcs
  4 bats (D:2)
  2 endoplasms
  A giant cockroach (D:4)
  4 hobgoblins
  3 quokkas
  3 ball pythons (D:1)
  2 frilled lizards
  7 goblins
  A goblin zombie (Ossuary)
  11 hobgoblin zombies (Ossuary)
  2 jackal zombies (Ossuary)
  16 kobolds
  10 kobold zombies (Ossuary)
  8 orc zombies (Ossuary)
  4 rats
  A rat zombie (Ossuary)
143 creatures vanquished.

Notes
Turn   | Place    | Note
-------+----------+-------------------------------------------
     0 | D:1      | Rennog the Octopode Fighter began the quest for the Orb.
     0 | D:1      | Reached XP level 1. HP: 16/16 MP: 1/1
   206 | D:1      | Reached XP level 2. HP: 21/21 MP: 2/2
   221 | D:1      | Found Vulur's Antique Weapon Shop.
   468 | D:2      | Reached skill level 4 in Dodging
   470 | D:2      | Reached XP level 3. HP: 26/26 MP: 3/3
  1109 | D:3      | Reached XP level 4. HP: 8/31 MP: 4/4
  1580 | D:4      | Noticed a necrophage
  1700 | D:4      | Reached skill level 5 in Dodging
  1782 | D:4      | Reached XP level 5. HP: 36/36 MP: 5/5
  1822 | D:4      | Reached skill level 6 in Dodging
  1851 | D:4      | Noticed a +0 short sword
  1858 | D:4      | Noticed a +0 spear
  1859 | D:4      | Noticed a +0 dagger
  1859 | D:4      | Noticed a +0 spear
  1861 | D:4      | Noticed a +0 dagger
  1861 | D:4      | Noticed a +0 short sword
  1862 | D:4      | Noticed a +0 falchion
  1862 | D:4      | Noticed a +0 falchion
  1866 | D:4      | Found a hide-covered altar of Uskayaw.
  1886 | D:4      | Found Xoza's Magic Scroll Boutique.
  1894 | D:4      | Bought a scroll of teleportation for 30 gold pieces
  1894 | D:4      | Bought a scroll of blinking for 75 gold pieces
  2091 | D:4      | Killed a necrophage
  2092 | D:4      | Reached XP level 6. HP: 25/42 MP: 6/6
  2357 | D:4      | Found a transporter.
  2383 | D:4      | Found a transporter.
  2480 | D:5      | Entered Level 5 of the Dungeon
  2480 | D:5      | Noticed a necrophage
  2480 | D:5      | Found a sand-covered staircase.
  2485 | D:5      | Killed a necrophage
  2486 | D:5      | Reached skill level 7 in Dodging
  2490 | Ossuary  | Entered an ossuary
  2679 | Ossuary  | Reached XP level 7. HP: 46/46 MP: 7/7
  2764 | Ossuary  | Reached skill level 8 in Dodging
  3018 | D:5      | Found a sparkling altar of Nemelex Xobeh.
  3487 | D:5      | HP: 2/49 [worm (12)]
  3654 | D:5      | Noticed Duvessa
  3791 | D:6      | Reached XP level 8. HP: 38/54 MP: 8/8
  3913 | D:6      | Found Janleoc's General Store.
  3934 | D:6      | Identified a scroll of acquirement
  3936 | D:6      | Acquired the ring "Nufrafypsa" {Wiz rC+ Dex+3}
  3956 | D:6      | Reached skill level 5 in Fighting
  4034 | D:6      | Noticed a two-headed ogre
  4188 | D:6      | Found Ciuxo's Distillery.
  4196 | D:6      | Bought a potion of curing for 42 gold pieces
  4383 | D:5      | Learned a level 2 spell: Ensorcelled Hibernation
  4446 | D:5      | Noticed Dowan
  4492 | D:5      | Killed Duvessa
  4498 | D:5      | Killed Dowan
  4499 | D:5      | Reached skill level 1 in Hexes
  4604 | D:5      | Found a broken altar of Ashenzari.
  4949 | D:6      | Found Aseuv's Weapon Shoppe.
  4980 | D:6      | Noticed Eustachio
  5442 | D:6      | Found Lepsol's Armour Emporium.
  5492 | D:6      | Killed Eustachio
  5493 | D:6      | Reached skill level 9 in Dodging
  5608 | D:7      | Found Giujep's General Store.
  5622 | D:7      | Noticed Prince Ribbit
  5645 | D:7      | Killed Prince Ribbit
  5986 | D:7      | Noticed Harold
  6137 | D:5      | Reached XP level 9. HP: 10/63 MP: 9/9
  6670 | D:5      | Learned a level 3 spell: Tukima's Dance
  6709 | D:6      | Killed a two-headed ogre
  7318 | D:7      | Noticed Menkaure
  7326 | D:7      | Killed Menkaure
  7334 | D:7      | Found a staircase to the Ecumenical Temple.
  7348 | Temple   | Entered the Ecumenical Temple
  7632 | Temple   | Became a worshipper of Makhleb the Destroyer
  8040 | D:8      | Found a radiant altar of Vehumet.
  8040 | D:8      | Found a sacrificial altar of Ru.
  8176 | D:8      | Found an opulent altar of Gozag.
  8180 | D:8      | Noticed a hornet
  8412 | D:8      | Noticed Pikel
  8420 | D:7      | Reached skill level 1 in Spellcasting
  8468 | D:9      | Noticed a cyclops
  8471 | D:9      | Noticed a centaur warrior
  8576 | D:9      | Found Luczyud's Jewellery Boutique.
  8751 | D:9      | Reached skill level 10 in Dodging
  9060 | D:8      | Found a snail-covered altar of Cheibriados.
  9060 | D:8      | Found a basalt altar of Yredelemnul.
  9117 | D:8      | Noticed a gargoyle
  9183 | D:7      | Reached XP level 10. HP: 65/73 MP: 13/13
  9597 | D:6      | Noticed a gargoyle
  9890 | D:6      | Found Vuurphew's Magic Scroll Boutique.
 10257 | D:8      | Noticed a deep elf pyromancer
 10259 | D:8      | Noticed a gargoyle
 10278 | D:8      | Mangled by a wyvern

Illustrated notes

Levels and vault maps discovered:
D:1:      amcnicky_arrival_choice, layout_rooms, serial_shops, shop,
          serial_bayou_pond_b
D:2:      layout_rooms, kennysheep_boxes
D:3:      layout_basic, chequers_serial_rivers_small_a, chequers_mini_garden
D:4:      gammafunk_cloud_chamber, layout_loops_cross,
          nicolae_uskayaw_en_pointe, serial_shops, shop,
          minmay_stone_trees_small
D:5:      layout_loops_cross, amcnicky_altar_gilded,
          mainiacjoe_overflow_catwalk, nicolae_ossuary_entry_monument,
          uniq_duvessa
D:6:      layout_basic, serial_shops, shop_fountains, nicolae_shop_trees,
          nicolae_shop_trees, nicolae_shop_temple_entry_statues_fountains,
          nicolae_inconvenience_store, kennysheep_generic_room_4, uniq_eustachio
D:7:      layout_loops_ring, nicolae_sif_muna_little_library, temple_fountains,
          serial_shops, nicolae_stop_n_shop_2, uniq_harold, uniq_prince_ribbit1,
          uniq_menkaure
D:8:      minmay_distorted_concentric_squares, layout_basic,
          nicolae_gozag_cash_rules_everything_around_me,
          nicolae_wu_jian_glorious_leap, gammafunk_temple_overflow_pools,
          gammafunk_temple_overflow_wave, uniq_pikel
D:9:      cheibrodos_elevator_heist, layout_basic,
          mainiacjoe_overflow_six_doors_small, serial_shops,
          nicolae_stop_n_shop_2, hangedman_decor_opposing
Temple:   jpeg_temple_alley_garden

Skill      XL: |  1  2  3  4  5  6  7  8  9 10 |
---------------+-------------------------------+-----
Dodging        | 4 5 6 7 8 9 10 | 10.1
Fighting       | 4 6 8 9 |  9.0
Hexes          | 2 4 |  4.1
Spellcasting   | 2 |  2.8
Short Blades   | |  2.0
Shields        | |  3.0

Action                   |  1- 3 |  4- 6 |  7- 9 | 10-12 || total
-------------------------+-------+-------+-------+-------++-------
Melee: Rapier            |    63 |    93 |    48 |       ||   204
       Constrict         |    13 |    33 |    47 |     3 ||    96
       Tentacles         |     7 |    26 |    64 |     6 ||   103
       Flail             |       |       |   188 |    12 ||   200
 Cast: Ensorcelled Hiber |       |       |     1 |       ||     1
       Tukima's Dance    |       |       |     1 |       ||     1
  Use: Scroll            |       |       |    10 |     2 ||    12
       Potion            |       |       |     3 |     1 ||     4
 Stab: Sleeping          |     3 |     9 |     6 |     3 ||    21
Armor: Skin              |     5 |     4 |     9 |       ||    18
Dodge: Dodged            |    36 |    48 |   214 |    14 ||   312
Block: Buckler           |    12 |    10 |    59 |     4 ||    85

Table legend: (Time is in decaauts)
 A = Elapsed time spent in this place.
 B = Non-inter-level travel time spent in this place.
 C = Inter-level travel time spent in this place.
 D = Time resting spent in this place.
 E = Time spent auto-exploring this place.
 F = Levels seen in this place.
 G = Mean time per level.
                   A        B        C        D        E       F      G
               +--------+--------+--------+--------+--------+-----+--------+
         Total |  10401 |   9414 |    987 |   2169 |   5675 |  11 |  945.5 |
       Dungeon |   9661 |   8707 |    954 |   2169 |   5144 |   9 | 1073.4 |
        Temple |    313 |    280 |     33 |      0 |    260 |   1 |  313.0 |
       Ossuary |    426 |    426 |      0 |      0 |    271 |   1 |  426.0 |
               +--------+--------+--------+--------+--------+-----+--------+

Top non-repeatable levels by time:
     D:6: 3111 daAuts
     D:5: 2065 daAuts
     D:8: 887 daAuts
     D:4: 841 daAuts
     D:7: 818 daAuts
     D:3: 698 daAuts
     D:2: 487 daAuts
     D:1: 465 daAuts
 Ossuary: 426 daAuts
  Temple: 313 daAuts
     D:9: 285 daAuts
